 Dungeon Crawl Stone Soup version 0.30.0-29-ga12c61a403 (webtiles) character file.

Game seed: 14034139232807115433

263 Ijustatesigmund the Stinger (level 6, -7/38 HPs)
             Began as an Octopode Venom Mage on June 14, 2023.
             Mangled by Duvessa
             ... wielding a +0 short sword
              (15 damage)
             ... on level 4 of the Dungeon.
             The game lasted 00:08:16 (3894 turns).

Ijustatesigmund the Stinger (Octopode Venom Mage)   Turns: 3894, Time: 00:08:17

Health: -7/38      AC:  8    Str:  7    XL:     6   Next: 19%
Magic:  3/11       EV: 18    Int: 19    God:
Gold:   152        SH:  0    Dex: 13    Spells: 1/11 levels left

rFire   . . .        i - +0 mace (protect)
rCold   . . .        (no shield)
rNeg    . . .        (helmet restricted)
rPois   .            (no amulet)
rElec   .            f - ring of willpower
rCorr   .            k - +5 ring of evasion
SInv    .            (no ring)
Will    +....        (no ring)
Stlth   +++          (no ring)
HPRegen 0.26/turn    (no ring)
MPRegen 0.12/turn    (no ring)
                     (no ring)

%: no passive effects
@: under a protective aura, hasted, very quick
A: almost no armour, amphibious, 8 rings, camouflage 1, gelatinous body 1,
(nimble swimmer 1), tentacles
a: no special abilities


You were on level 4 of the Dungeon.
You visited 1 branch of the dungeon, and saw 4 of its levels.

You collected 152 gold pieces.

Inventory:

Hand Weapons
 i - a +0 mace of protection (weapon)
 m - a +2 dagger of protection
Armour
 g - a +1 buckler
Jewellery
 b - a ring of fire
 f - a ring of willpower (left tentacle)
 k - a +5 ring of evasion (right tentacle)
Scrolls
 c - a scroll of identify
 e - a scroll of teleportation
Potions
 a - a potion of magic
 h - a potion of brilliance {unknown}
 j - a potion of flight
 l - 3 potions of curing
 n - a potion of ambrosia {unknown}
 o - 2 potions of lignification
 p - a potion of cancellation {unknown}
 r - a potion of attraction {unknown}


   Skills:
 - Level 1.1 Fighting
 - Level 2.0 Dodging
 - Level 2.6 Stealth
 + Level 3.4 Spellcasting
 + Level 2.3 Conjurations
 - Level 1.0 Transmutations
 + Level 2.4 Air Magic
 + Level 5.1 Poison Magic


You had one spell level left.
You knew the following spells:

 Your Spells              Type           Power      Damage    Failure   Level
a - Sting                 Tmut/Pois      60%        1d6       4%          1
b - Poisonous Vapours     Pois/Air       34%        N/A       4%          2
c - Mephitic Cloud        Conj/Pois/Air  15%        N/A       11%         3
d - Olgreb's Toxic Radia  Pois           22%        N/A       17%         4

Your spell library contained the following spells:

 Spells                   Type           Power      Damage    Failure   Level
 Apportation              Tloc           6%         N/A       14%         1
 Slow                     Hex            12%        N/A       14%         1
 Vhi's Electric Charge    Tloc/Air       14%        N/A       26%         3
 Confusing Touch          Hex            3%         N/A       41%         3
 Ozocubu's Armour         Ice            3%         N/A       41%         3
 Teleport Other           Tloc           3%         N/A       41%         3
 Vampiric Draining        Necr           3%         2d6       41%         3
 Alistair's Intoxication  Tmut/Pois      10%        N/A       75%         5
 Irradiate                Conj/Tmut      4%         3d13      90%         5
 Ozocubu's Refrigeration  Ice            1%         4d7       100%        7


Dungeon Overview and Level Annotations

Branches:
Dungeon (4/15)
 Temple: D:4-7

Altars:
Makhleb

Annotations:
D:4 Duvessa


Innate Abilities, Weirdness & Mutations

You cannot wear most types of armour.
You are amphibious.
You can wear up to eight rings at the same time.
Your skin changes colour to match your surroundings (Stealth+).
Your rubbery body absorbs attacks. (AC +1, EV +1)
((You are camouflaged when in or above water. (Stealth+)))
You have tentacles for arms and can constrict up to eight enemies at once.


Message History

Confirm with . or Enter, or press ? or * to list all spells.
The spell is extremely dangerous to miscast (19% risk of failure)!
Continue anyway? [Y]es or [N]o only, please.
The spell is extremely dangerous to miscast (19% risk of failure)!
Continue anyway?
You begin to radiate toxic energy.
Duvessa is poisoned.
Dowan is poisoned.
Dowan looks even sicker.
Dowan is engulfed in noxious fumes.
Dowan appears confused.
Unknown command.
Duvessa looks even sicker.
Your toxic aura wanes.
Duvessa completely misses you.
You hit Dowan.
Your weapon exudes an aura of protection.
You grab Dowan.
Dowan is heavily wounded.
You constrict Dowan. Duvessa hits you with a +0 short sword.
Dowan struggles to escape constriction.
You hit Dowan. You squeeze Dowan!
Dowan is almost dead.
You constrict Dowan.
You kill Dowan!
Duvessa weeps, and shakes her weapon.
Duvessa goes berserk!
Duvessa barely misses you. Duvessa hits you with a +0 short sword!
You have reached level 6!
You feel yourself speed up. Duvessa completely misses you.
Duvessa hits you with a +0 short sword!
* * * LOW HITPOINT WARNING * * *
You aren't carrying any items that you can evoke.
Unknown command.
Okay, then.
You barely miss Duvessa. You grab Duvessa. You squeeze Duvessa.
Duvessa is heavily wounded.
You constrict Duvessa, but do no damage.
Duvessa barely misses you.
You hit Duvessa but do no damage.
Duvessa is heavily wounded.
You constrict Duvessa, but do no damage.
Duvessa hits you with a +0 short sword!
You die...

##...........# .##..
##........##..## ......
.......#### #..###......
...##...## #...#......#
...###...## #...........
..## ##...###.##......#.
..# ###.......)........
..###..........e........
.##.............@.......
........................
........................
........................
........................
.........................
..
.........................
.. ......##
#................ ..
.....## ..... ..


You could see Duvessa (berserk, poisoned).

Vanquished Creatures
  Dowan (D:4)
  An orc priest (D:2)
  An orc wizard (D:3)
  Natasha (D:4)
  4 adders
  2 worms (D:2)
  A dart slug (D:4)
  16 orcs
  5 bats
  6 endoplasms
  3 giant cockroaches
  4 goblins
  7 hobgoblins
  2 quokkas
  7 ball pythons
  2 frilled lizards
  6 kobolds
  4 rats
73 creatures vanquished.

Notes
Turn   | Place    | Note
-------+----------+-------------------------------------------
     0 | D:1      | Ijustatesigmund the Octopode Venom Mage began the quest for
                  | the Orb.
     0 | D:1      | Reached XP level 1. HP: 11/11 MP: 3/3
   385 | D:1      | Reached XP level 2. HP: 18/18 MP: 3/5
   494 | D:1      | Reached skill level 1 in Fighting
   494 | D:1      | Reached skill level 4 in Poison Magic
   972 | D:1      | Got the Octavo of Dimensional Bombardment
  1024 | D:1      | Learned a level 2 spell: Poisonous Vapours
  1226 | D:1      | Found a faded altar of an unknown god.
  1493 | D:2      | Reached XP level 3. HP: 23/23 MP: 3/6
  1497 | D:2      | Learned a level 3 spell: Mephitic Cloud
  2074 | D:2      | Reached skill level 1 in Air Magic
  2180 | D:2      | Reached XP level 4. HP: 28/28 MP: 2/8
  2486 | D:2      | Reached skill level 1 in Conjurations
  2689 | D:3      | Reached XP level 5. HP: 32/33 MP: 4/9
  2900 | D:3      | Learned a level 4 spell: Olgreb's Toxic Radiance
  3207 | D:3      | Found a burning altar of Makhleb.
  3726 | D:4      | Noticed Natasha
  3735 | D:4      | Killed Natasha
  3736 | D:4      | Reached skill level 5 in Poison Magic
  3879 | D:4      | Noticed Dowan
  3880 | D:4      | Noticed Duvessa
  3889 | D:4      | Killed Dowan
  3890 | D:4      | Reached XP level 6. HP: 14/38 MP: 3/11
  3894 | D:4      | Mangled by Duvessa

Illustrated notes

Levels and vault maps discovered:
D:1:      nicolae_arrival_washed_ashore, layout_basic,
          hellmonk_ecumenical_altar_pennies_from_heaven
D:2:      layout_loops_cross, minmay_misc_feat_columns
D:3:      layout_rooms, lemuel_crystal_altar
D:4:      corexii_shack_village, layout_layer_cave, vehumet_altar_wand_db,
          minmay_temple_entry_junction_2, kennysheep_decorative_pillar,
          uniq_natasha, uniq_duvessa, uniq_crazy_yiuf_cottage

Skill      XL: |  1  2  3  4  5 |
---------------+----------------+-----
Fighting       | 1 |  1.1
Poison Magic   | 4 5 |  5.1
Air Magic      | 1 2 |  2.4
Conjurations   | 1 2 |  2.3
Spellcasting   | 3 |  3.4
Dodging        | |  2.0
Stealth        | |  2.6
Transmutations | |  1.0

Action                     |  1- 3 |  4- 6 || total
---------------------------+-------+-------++-------
  Melee: Unarmed           |    15 |       ||    15
         Constrict         |    11 |    19 ||    30
         Mace              |    29 |    12 ||    41
         Tentacles         |    12 |    16 ||    28
         Whip              |     5 |    41 ||    46
         Dagger            |       |     2 ||     2
   Cast: Sting             |    31 |     7 ||    38
         Poisonous Vapours |    16 |    16 ||    32
         Mephitic Cloud    |       |     3 ||     3
         Olgreb's Toxic Ra |       |     3 ||     3
    Use: Scroll            |       |    11 ||    11
         Potion            |       |     1 ||     1
   Stab: Sleeping          |       |     1 ||     1
 Armour: Skin              |     2 |     2 ||     4
  Dodge: Dodged            |    38 |    45 ||    83
